 Dungeon Crawl Stone Soup version 0.19.1 (webtiles) character file.

415 Svalin the Caller (level 6, 0/36 HPs)
             Began as a Deep Elf Summoner on Feb 27, 2017.
             Succumbed to a worker ant's poison
             ... on level 4 of the Dungeon on Mar 9, 2017.
             The game lasted 00:18:34 (6175 turns).

Svalin the Caller (Deep Elf Summoner)               Turns: 6175, Time: 00:18:35

Health: 0/36       AC:  2    Str:  4 (5)  XL:     6   Next: 60%
Magic:  16/16      EV: 13    Int: 20 (21) God:
Gold:   122        SH:  0    Dex: 16 (19) Spells: 3 memorised, 6 levels left

rFire  . . .     SeeInvis .     b - +0 spear
rCold  . . .     Gourm    .     o - +0 robe
rNeg   + . .     Faith    .     (no shield)
rPois  .         Spirit   .     (no helmet)
rElec  .         Reflect  .     (no cloak)
rCorr  .         Harm     .     (no gloves)
MR     .....                    (no boots)
Stlth  ++........               (no amulet)
                                g - ring of positive energy
                                e - +3 ring of dexterity

@: lethally poisoned (0 -> -1)
A: no striking features
a: no special abilities


You were on level 4 of the Dungeon.
You were not hungry.

You visited 1 branch of the dungeon, and saw 4 of its levels.

You collected 152 gold pieces.
You spent 30 gold pieces at shops.

Inventory:

Hand Weapons
 a - a +1 short sword of flaming
 b - a +0 spear (weapon)
 r - a +0 blowgun
Missiles
 s - 11 poisoned needles
Armour
 o - a +0 robe (worn)
Jewellery
 e - a +3 ring of dexterity (left hand)
 g - a ring of positive energy (right hand)
Scrolls
 f - 4 scrolls of remove curse
 h - a scroll of blinking
 k - a scroll of teleportation
Potions
 j - a potion of haste
 p - a potion of magic
 u - 2 potions of cure mutation
Books
 i - a book of Callings

   Spells                             Type                      Level
   a - Summon Small Mammal            Summoning                    1
   b - Call Imp                       Summoning                    2
   c - Call Canine Familiar           Summoning                    3
   d - Summon Guardian Golem          Hexes/Summoning              3
   e - Summon Lightning Spire         Summoning/Air                4
   f - Summon Ice Beast               Ice/Summoning                4
Comestibles
 c - a bread ration


   Skills:
 + Level 2.5 Fighting
 - Level 2.4 Dodging
 - Level 2.4 Stealth
 - Level 5.3 Spellcasting
 + Level 6.9 Summonings
 + Level 0.4 Air Magic


You had 6 spell levels left.
You knew the following spells:

 Your Spells              Type           Power        Failure   Level  Hunger
a - Call Canine Familiar  Summ           ####....     1%          3    ##.....
b - Call Imp              Summ           ####....     1%          2    None
d - Summon Lightning Spi  Summ/Air       ###.....     30%         4    ####...


Dungeon Overview and Level Annotations

Branches:
Dungeon (4/15)
 Temple: D:4-7

Altars:
Gozag
Nemelex Xobeh
Ru

Shops:
D:4 *

Annotations:
D:4 PrincessPwny's ghost, amateur MfBe


Message History

You butcher the orc corpse.
* * * LOW HITPOINT WARNING * * *
You feel sick.
Things that are here:
a hand axe; a ring mail; 4 chunks of flesh You swap places.
Okay, then.
* * * LOW HITPOINT WARNING * * *
You feel sick.
Level annotation: PrincessPwny's ghost, amateur MfBe Welcome back, Svalin the Deep Elf Summoner.
Press ? for a list of commands and other information.
Quiver which item? (- for none, * to show all) (? for menu, Esc to quit)
Okay, then.
There is a lethal amount of poison in your body!
There is a lethal amount of poison in your body!
There is a lethal amount of poison in your body!
* * * LOW HITPOINT WARNING * * *
You feel sick.
You die...

#. ..# ### . #. #.#
###.' .. #.
#.#####.###...# ..#
#.##.##........... ..#
##....#.##.###.###
#.#.###.##..#.##.# #.#
#....#...........###.###
##..#..###..............
.......@#...##.#.#......
#######......#.#.#.#.##.
#5h......#.#.#.##)
#............#...) .#
#..<....###.#####[ #.#
#.......# #......§ #.#
#.#.....###.#####§ #.#
#.##.#..........§. #.#
#.#######..######.


You could see a friendly hound and a friendly crimson imp.

Vanquished Creatures
  A worker ant (D:4)
  An adder (D:3)
  An ooze (D:3)
  A leopard gecko (D:2)
  4 orcs
  3 giant cockroaches
  3 goblins
  4 hobgoblins
  A quokka (D:2)
  A ball python (D:2)
  6 bats
  4 frilled lizards
  A jackal skeleton (D:4)
  A kobold (D:1)
  9 rats
41 creatures vanquished.

Vanquished Creatures (collateral kills)
  Grinder (D:4)
  A howler monkey (D:4)
  A crimson imp (D:3)
  3 hounds
  An orc priest (D:4)
  An orc wizard (D:4)
  Jessica (D:2)
  2 worker ants (D:4)
  A gnoll (D:1)
  2 adders
  An ooze (D:4)
  3 leopard geckos
  10 orcs
  2 bats
  A giant cockroach (D:3)
  4 goblins
  2 hobgoblins
  9 jackals
  4 kobolds
  3 quokkas
  A frilled lizard (D:4)
  A rat (D:1)
55 creatures vanquished.

Grand Total: 96 creatures vanquished

Notes
Turn   | Place    | Note
-------+----------+-------------------------------------------
     0 | D:1      | Svalin the Deep Elf Summoner began the quest for the Orb.
     0 | D:1      | Reached XP level 1. HP: 10/10 MP: 6/6
   525 | D:1      | Reached XP level 2. HP: 8/15 MP: 8/8
   654 | D:1      | Learned a level 2 spell: Call Imp
   728 | D:1      | Reached skill level 5 in Summonings
  1854 | D:2      | Reached XP level 3. HP: 19/19 MP: 9/9
  2427 | D:2      | Learned a level 3 spell: Call Canine Familiar
  2495 | D:2      | Found a sacrificial altar of Ru.
  2570 | D:2      | Noticed Jessica
  2582 | D:2      | Killed Jessica
  2582 | D:2      | Reached skill level 6 in Summonings
  2823 | D:3      | Reached XP level 4. HP: 17/24 MP: 3/10
  3393 | D:3      | Reached skill level 1 in Fighting
  4056 | D:4      | Reached XP level 5. HP: 7/29 MP: 10/13
  4316 | D:4      | Noticed PrincessPwny's ghost (amateur MfBe)
  4853 | D:4      | Noticed Grinder
  4887 | D:4      | Killed Grinder
  4887 | D:4      | Reached skill level 5 in Spellcasting
  4887 | D:4      | Reached XP level 6. HP: 13/35 MP: 8/15
  5198 | D:3      | Learned a level 4 spell: Summon Lightning Spire
  5564 | D:4      | Found Uvoerres's Assorted Antiques.
  5569 | D:4      | Bought a scroll labeled IDULOI COCHO for 30 gold pieces
  5937 | D:4      | Found an opulent altar of Gozag.
  5937 | D:4      | Found a sparkling altar of Nemelex Xobeh.
  6167 | D:4      | HP: 1/36 [poisoned by a worker ant]
  6175 | D:4      | Succumbed to a worker ant's poison

Skill      XL: |  1  2  3  4  5 |
---------------+----------------+-----
Summonings     | 5 6 |  6.9
Fighting       | 1 2 |  2.5
Spellcasting   | 4 5 |  5.3
Dodging        | |  2.4
Stealth        | |  2.4
Air Magic      | |  0.4

Action                   |  1- 3 |  4- 6 || total
-------------------------+-------+-------++-------
Melee: Unarmed           |     9 |       ||     9
       Club              |     8 |       ||     8
       Spear             |    89 |   133 ||   222
       Mace              |    15 |       ||    15
       Short sword       |       |     1 ||     1
 Cast: Summon Small Mamm |    14 |       ||    14
       Call Imp          |     8 |    14 ||    22
       Call Canine Famil |     2 |    16 ||    18
       Summon Lightning  |       |     1 ||     1
  Use: Potion            |       |     6 ||     6
       Scroll            |       |     9 ||     9
 Stab: Sleeping          |    10 |     4 ||    14
       Distracted        |       |     3 ||     3
  Eat: Chunk             |     6 |     4 ||    10
       Meat ration       |       |     1 ||     1
       Bread ration      |       |     1 ||     1
       Beef jerky        |       |     1 ||     1
Armor: Robe              |    23 |    17 ||    40
Dodge: Dodged            |    62 |    85 ||   147
